 Dungeon Crawl Stone Soup version 0.20-a0-463-g5747544 (webtiles) character file.

1547 Eviona the Martial Artist (level 8, 0/68 HPs)
             Began as a Pale Draconian Ice Elementalist on Jan 10, 2017.
             Slain by unseenchild's ghost (1 damage)
             ... on level 6 of the Dungeon.
             The game lasted 00:25:12 (7710 turns).

Eviona the Martial Artist (DrIE)                    Turns: 7710, Time: 00:25:13

Health: 0/68       AC:  7    Str: 10    XL:     8   Next: 57%
Magic:  11/11      EV: 12    Int: 18    God:
Gold:   290        SH:  0    Dex: 12    Spells: 7/11 levels left

rFire  . . .     SeeInvis .       - Unarmed
rCold  . . .     Gourm    .     (armour unavailable)
rNeg   . . .     Faith    .     (no shield)
rPois  .         Spirit   .     (helmet restricted)
rElec  .         Reflect  .     (no cloak)
rCorr  .         Harm     .     c - +0 pair of gloves
MR     .....                    (no boots)
Stlth  ++........               (no amulet)
                                (no ring)
                                (no ring)

@: short of breath, drained
A: breathe steam, unfitting armour, cold-blooded, AC +6
a: Breathe Steam


You were on level 6 of the Dungeon.
You were hungry.

You visited 1 branch of the dungeon, and saw 6 of its levels.
You also visited: Ossuary.

You collected 290 gold pieces.

Inventory:

Missiles
 e - 146 stones (quivered)
Armour
 c - a +0 pair of gloves (worn)
Jewellery
 G - an uncursed amulet of harm
 L - a +6 ring of slaying {unknown}
Wands
 t - a wand of flame (19/48)
 y - a wand of flame (23/48)
 D - a wand of lightning (8/15)
 F - a wand of paralysis (8/24)
 J - a wand of confusion (25/48)
Scrolls
 f - a scroll of magic mapping
 g - 2 scrolls of remove curse
 i - 4 scrolls of identify {unknown}
 j - 3 scrolls of amnesia {unknown}
 l - 3 scrolls of random uselessness {unknown}
 o - 2 scrolls of fog {unknown}
 p - a scroll of immolation {unknown}
 q - a scroll of enchant armour {unknown}
 r - 3 scrolls of teleportation {unknown}
 s - 2 scrolls of enchant weapon {unknown}
 u - a scroll of blinking {unknown}
 w - a scroll of torment {unknown}
 C - a scroll of recharging {unknown}
 K - a scroll of fear {unknown}
Potions
 d - 3 potions of curing {unknown}
 h - 2 potions of cancellation {unknown}
 k - 4 potions of heal wounds
 m - 2 potions of degeneration {unknown}
 n - 2 potions of cure mutation {unknown}
 v - a potion of magic {unknown}
 x - a potion of lignification {unknown}
 z - a potion of mutation {unknown}
 A - 3 potions of might {unknown}
 B - 2 potions of brilliance {unknown}
Books
 a - a book of Frost

   Spells                             Type                      Level
   a - Freeze                         Ice                          1
   b - Throw Frost                    Conjuration/Ice              2
   c - Ozocubu's Armour               Charms/Ice                   3
   d - Throw Icicle                   Conjuration/Ice              4
   e - Summon Ice Beast               Ice/Summoning                4
 I - a book of Conjurations

   Spells                             Type                      Level
   a - Magic Dart                     Conjuration                  1
   b - Searing Ray                    Conjuration                  2
   c - Dazzling Spray                 Conjuration/Hexes            3
   d - Fulminant Prism                Conjuration/Hexes            4
   e - Iskenderun's Mystic Blast      Conjuration                  4
   f - Iskenderun's Battlesphere      Conjuration/Charms           5
Comestibles
 b - 7 bread rations
 E - 2 meat rations
 H - a slice of pizza
 M - 4 chunks of flesh


   Skills:
 - Level 5.0(4.8) Fighting
 - Level 1.7(1.6) Dodging
 - Level 1.7(1.6) Stealth
 + Level 8.1(7.9) Unarmed Combat
 - Level 2.0(1.8) Spellcasting
   Level 1.0(0.8) Conjurations
 - Level 6.0(5.8) Ice Magic


You had 7 spell levels left.
You knew the following spells:

 Your Spells              Type           Power        Failure   Level  Hunger
a - Freeze                Ice            ###.         1%          1    #......
b - Ozocubu's Armour      Chrm/Ice       ##......     21%         3    ###....


Dungeon Overview and Level Annotations

Branches:
Dungeon (6/15)
 Temple: D:4-7

Altars:
Dithmenos
Elyvilon
Fedhas
Hepliaklqana

Shops:
D:5 [

Annotations:
D:6 unseenchild's ghost, novice BaIE


Innate Abilities, Weirdness & Mutations

You can breathe blasts of scalding, opaque steam.
Your pale cyan-grey scales are hard. (AC +6)
You cannot fit into any form of body armour.
You are cold-blooded and may be slowed by cold attacks.


Message History

The shard of ice hits you!
* * * LOW HITPOINT WARNING * * *
You are too injured to fight recklessly!
You are too injured to fight recklessly!
You hit unseenchild's ghost but do no damage.
Unseenchild's ghost is almost destroyed.
You have got your breath back.
Unseenchild's ghost gestures at you while chanting.
You are frozen.
* * * LOW HITPOINT WARNING * * *
Press: ? - help, Shift-Dir - straight line, f/p - unseenchild's ghost
Aim: unseenchild's ghost, wielding a weapon of pain (almost destroyed)
You exhale a blast of scalding steam.
The ball of steam misses unseenchild's ghost.
You are feeling hungry.
Unseenchild's ghost is engulfed in a cloud of scalding steam.
Unseenchild's ghost hits you.
* * * LOW HITPOINT WARNING * * *
You writhe in agony.
You die...

##.......##
###.........##.
.'.........'.
#.........#
#....(..# #0....#
#W..# #.# #@# #.#
#.# #.# #.# #.#
##.## #.#
##...#########.#
#>...).......#.#
##...)######.#.#
##.#.# ####.#.#
.######.#.###......#


You could see unseenchild's ghost.

Vanquished Creatures
  Grinder (D:4)
  Sigmund (D:3)
  An ice beast (D:6)
  A phantom (D:3)
  2 ogres (D:6)
  A howler monkey (D:6)
  2 centaur zombies (Ossuary)
  A crimson imp (D:5)
  A human zombie (Ossuary)
  A jelly (D:5)
  An orc priest (D:5)
  A hound (D:5)
  2 worker ants
  An orc wizard (D:3)
  3 ogre zombies (Ossuary)
  7 mummies (Ossuary)
  9 gnolls
  8 adders
  A shadow imp (D:5)
  4 oozes
  6 adder zombies
  An adder skeleton (D:4)
  7 worms
  4 dart slugs
  6 leopard geckos
  13 orcs
  A ball python (D:2)
  3 giant cockroaches
  6 goblins
  14 hobgoblins
  7 jackals (D:3)
  10 kobolds
  8 quokkas
  11 bats
  2 frilled lizards
  5 goblin zombies (Ossuary)
  5 hobgoblin zombies (Ossuary)
  2 jackal skeletons
  2 kobold zombies (Ossuary)
  An orc zombie (Ossuary)
  3 quokka zombies (Ossuary)
  15 rats
  3 rat zombies (Ossuary)
184 creatures vanquished.

Notes
Turn   | Place    | Note
-------+----------+-------------------------------------------
     0 | D:1      | Eviona the Draconian Ice Elementalist began the quest for the Orb.
     0 | D:1      | Reached XP level 1. HP: 14/14 MP: 3/3
   250 | D:1      | Reached XP level 2. HP: 20/20 MP: 0/5
   777 | D:1      | Reached XP level 3. HP: 22/26 MP: 1/6
  1557 | D:2      | Reached skill level 5 in Ice Magic
  1557 | D:2      | Reached XP level 4. HP: 33/33 MP: 4/7
  2207 | D:2      | Reached XP level 5. HP: 38/38 MP: 2/8
  2517 | D:3      | Found a white marble altar of Elyvilon.
  2539 | D:2      | Learned a level 3 spell: Ozocubu's Armour
  2871 | D:3      | Found a blossoming altar of Fedhas.
  3086 | D:3      | Found a shadowy altar of Dithmenos.
  3092 | D:3      | Found a hazy altar of Hepliaklqana.
  3199 | D:3      | Noticed Sigmund
  3216 | D:3      | Killed Sigmund
  3216 | D:3      | Reached skill level 2 in Unarmed Combat
  3216 | D:3      | Reached XP level 6. HP: 16/50 MP: 0/9
  3611 | D:3      | Reached skill level 3 in Unarmed Combat
  3971 | D:3      | Your scales start taking on a pale cyan-grey colour.
  3971 | D:3      | Reached XP level 7. HP: 26/58 MP: 6/10
  4285 | D:4      | Found a sand-covered staircase.
  4299 | Ossuary  | Entered an ossuary
  4567 | Ossuary  | Reached skill level 4 in Unarmed Combat
  5017 | D:4      | Noticed Grinder
  5029 | D:4      | Paralysed by Grinder for 7 turns
  5116 | D:4      | Reached skill level 5 in Fighting
  5583 | D:4      | Reached skill level 5 in Unarmed Combat
  5715 | D:4      | Killed Grinder
  5715 | D:4      | Reached skill level 6 in Unarmed Combat
  5715 | D:4      | Reached XP level 8. HP: 52/68 MP: 9/11
  5855 | D:5      | Entered Level 5 of the Dungeon
  6106 | D:5      | Found Wievvuje's Antique Armour Emporium.
  7301 | D:6      | Reached skill level 7 in Unarmed Combat
  7385 | D:6      | Reached skill level 8 in Unarmed Combat
  7658 | D:6      | Noticed unseenchild's ghost (novice BaIE)
  7709 | D:6      | HP: 2/68 [unseenchild's ghost/Freeze (18)]
  7710 | D:6      | Slain by unseenchild's ghost

Vault maps used:
D:1:      scummos_arrival_star, minmay_misc_feat_diagonals,
          hangedman_decor_points
D:2:      minmay_pentomino_x4
D:3:      lemuel_upstairs_altar, grunt_temple_overflow_open,
          gup_sewer_entry_bowl, uniq_sigmund
D:4:      nicolae_ossuary_entry_monument, first_bread,
          hangedman_decor_slide_cut, uniq_grinder
D:5:      serial_shops, shop
D:6:      okawaru_ov_weapons_minmay, uniq_crazy_yiuf_cottage
Ossuary:  ossuary_boxes_badplayer

Skill      XL: |  1  2  3  4  5  6  7  8 |
---------------+-------------------------+-----
Ice Magic      | 4 5 6 |  6.0
Fighting       | 2 3 5 |  5.0
Unarmed Combat | 2 3 6 8 |  8.1
Dodging        | |  1.7
Stealth        | |  1.7
Spellcasting   | |  2.0
Conjurations   | |  1.0

Action                   |  1- 3 |  4- 6 |  7- 9 || total
-------------------------+-------+-------+-------++-------
Melee: Unarmed           |     8 |    77 |   382 ||   467
       Tailslap          |       |     8 |    49 ||    57
       Punch             |       |       |     9 ||     9
Throw: Stone             |     6 |    21 |    12 ||    39
 Cast: Freeze            |    60 |   144 |    24 ||   228
       Ozocubu's Armour  |       |     5 |     9 ||    14
 Abil: Breathe Steam     |       |       |    15 ||    15
  Use: Potion            |       |     1 |       ||     1
       Scroll            |       |       |     2 ||     2
 Stab: Sleeping          |       |       |     3 ||     3
  Eat: Chunk             |     3 |    10 |    11 ||    24
       Meat ration       |       |       |     1 ||     1
Armor: Skin              |    12 |    56 |    99 ||   167
Dodge: Dodged            |    25 |    83 |   196 ||   304
